 Dungeon Crawl Stone Soup version 0.26-a0-639-g72c4674329 (webtiles) character file.

Game seed: 7648260880928741643

531515 Borgoz the Impregnable (level 25, -5/155 HPs)
             Began as a Gargoyle Berserker on Sept 18, 2020.
             Was the Champion of Trog.
             Splashed by an acid blob's acid (6 damage)
             ... created by the Royal Jelly
             ... on level 5 of the Pits of Slime.
             The game lasted 02:40:37 (59885 turns).

Borgoz the Impregnable (Gargoyle Berserker)        Turns: 59885, Time: 02:40:38

Health: -5/155     AC: 49    Str: 22    XL:     25   Next: 65%
Magic:  20/20      EV: 18    Int:  9    God:    Trog [******]
Gold:   4653       SH: 11    Dex: 26    Spells: 24/24 levels left

rFire    + + +     SeeInvis +   a - +12 eveningstar of Animal Spirits {flame, *Slow rPois MR++}
rCold    + + .     Faith    .   E - +3 buckler {reflect}
rNeg     + . .     Spirit   .   G - +9 scales of the Dragon King {rPois rF+ rC+ MR+}
rPois    ∞         Reflect  +   x - +2 hat {SInv}
rElec    +         Harm     .   k - +0 cloak of Snakes and Ladders {rC+ MR+}
rCorr    +         Rampage  .   I - +0 pair of fencer's gloves {Riposte Dex+3}
MR       +++++                  d - +1 pair of boots of Nanapim {*Slow rPois rF++ Regen+}
Stlth    ..........             D - amulet of regeneration
HPRegen  1.15/turn              h - +6 ring of dexterity
MPRegen  0.17/turn              f - ring of resist corrosion

@: corroded, flying, studying 2 skills
A: big wings, slimy green scales 1, deformed body, frail 1, low mp 1, magic
resistance 1, negative energy resistance 1, electricity resistance, weak 1,
unbreathing, petrification resistance, rot immunity, AC +19
}: 3/15 runes: barnacled, silver, gossamer
a: Stop Flying, Berserk, Trog's Hand, Brothers in Arms, Renounce Religion


You were on level 5 of the Pits of Slime.
You worshipped Trog.
Trog was exalted by your worship.
You visited 10 branches of the dungeon, and saw 48 of its levels.
You visited 1 bazaar.
You also visited: Bailey.

You collected 9713 gold pieces.
You spent 5060 gold pieces at shops.

Inventory:

Hand Weapons
 a - the +12 eveningstar of Animal Spirits (weapon) {flame, *Slow rPois MR++}
   (You acquired it on level 1 of the Lair of Beasts)

   It has been specially enchanted to burn those struck by it, causing extra
   injury to most foes and up to half again as much damage against particularly
   susceptible opponents.
   It protects you from poison.
   It affects your resistance to hostile enchantments.
   It may slow you when you take damage.
 b - the +6 demon whip "Jeduerch" {elec, rPois Str-2 Dex+4 SInv}
   (You bought it in a shop on level 5 of the Dungeon)

   Occasionally, upon striking a foe, it will discharge some electrical energy
   and cause terrible harm.
   It affects your strength (-2).
   It affects your dexterity (+4).
   It protects you from poison.
   It lets you see invisible.
Missiles
 p - 6 throwing nets (quivered)
Armour
 d - the +1 pair of boots of Nanapim (worn) {*Slow rPois rF++ Regen+}
   (You found it on level 3 of the Elven Halls)

   It greatly protects you from fire.
   It protects you from poison.
   It increases your rate of regeneration.
   It may slow you when you take damage.
 k - the +0 cloak of Snakes and Ladders (worn) {rC+ MR+}
   (You acquired it on level 4 of the Dungeon)

   It protects you from cold.
   It affects your resistance to hostile enchantments.
 x - a +2 hat of see invisible (worn)
 E - a +3 buckler of reflection (worn)
 G - the +9 scales of the Dragon King (worn) {rPois rF+ rC+ MR+}
   (You found it on level 2 of the Crypt)

   It protects you from fire.
   It protects you from cold.
   It protects you from poison.
   It affects your resistance to hostile enchantments.
 I - the +0 pair of fencer's gloves (worn) {Riposte Dex+3}
   (You acquired it on level 4 of the Dungeon)

   It affects your dexterity (+3).
Jewellery
 f - a ring of resist corrosion (right hand)
 h - a +6 ring of dexterity (left hand)
 D - an amulet of regeneration (around neck)
 R - an uncursed ring of positive energy
 X - the ring of Xiriakh {*Corrode rElec rN++ MR- Slay+4}
   (You found it on level 3 of the Elven Halls)

   [ring of slaying]

   It affects your accuracy and damage with ranged weapons and melee attacks
   (+4).
   It insulates you from electricity.
   It greatly protects you from negative energy.
   It affects your resistance to hostile enchantments.
   It may corrode you when you take damage.
Wands
 m - a wand of enslavement (14)
 s - a wand of polymorph (58)
 z - a wand of flame (36)
 K - a wand of disintegration (28)
 L - a wand of acid (37)
 M - a wand of iceblast (30)
 O - a wand of paralysis (54)
 U - a wand of digging (22)
Scrolls
 e - 7 scrolls of magic mapping
 g - 2 scrolls of holy word
 j - 32 scrolls of remove curse
 o - 21 scrolls of teleportation
 q - 9 scrolls of fog
 A - 3 scrolls of fear
 C - 4 scrolls of silence
 N - 10 scrolls of blinking
 W - 3 scrolls of summoning
Potions
 c - 20 potions of curing
 i - 3 potions of resistance
 t - 11 potions of ambrosia
 u - 4 potions of might
 v - 3 potions of cancellation
 F - 6 potions of haste
 H - 3 potions of berserk rage
 S - 5 potions of heal wounds
Books
 l - a manual of Stealth
 Z - a manual of Armour


   Skills:
 + Level 22.1 Fighting
 * Level 21.1 Maces & Flails
 + Level 22.4 Armour
 * Level 18.2 Dodging
 + Level 9.7 Stealth
 - Level 10.0 Shields
 + Level 6.5 Evocations


You had 24 spell levels left.
You didn't know any spells.
Your spell library was empty.

Dungeon Overview and Level Annotations

Branches:
Dungeon (15/15)            Temple (1/1) D:5            Lair (6/6) D:10
 Shoals (4/4) Lair:3       Spider (4/4) Lair:3        Slime (5/5) Lair:5
    Orc (2/2) D:9             Elf (3/3) Orc:2        Vaults (5/5) D:14
  Crypt (3/3) Vaults:2       Tomb (0/3) Crypt:3      Depths (0/5) D:15
 Bailey (visited)

Altars:
Ashenzari
Cheibriados
Dithmenos
Elyvilon
Fedhas
Gozag
Hepliaklqana
Kikubaaqudgha
Makhleb
Nemelex Xobeh
Okawaru
Qazlal
Ru
Sif Muna
Trog
Uskayaw
Vehumet
Wu Jian
Xom
Yredelemnul
Zin
The Shining One
Beogh

Shops:
D:4 =(??   D:5 (   D:6 :[   Orc:2 *(:[?   Elf:1 (   Elf:3 *   Shoals:2 =
Vaults:4 :

Annotations:
Slime:5 Royal Jelly


Innate Abilities, Weirdness & Mutations

You are resistant to torment.
Your stone body is resilient. (AC +19)
You are immune to poison.
Your large and strong wings let you fly indefinitely.
You resist negative energy. (rN+)
You are resistant to electric shocks. (rElec)
You can survive without breathing.
You are immune to petrification.
You are immune to rotting.
You are partially covered in slimy green scales. (AC +2)
Armour fits poorly on your strangely shaped body.
You are frail. (-10% HP)
Your magical capacity is low. (-10% MP)
You are resistant to hostile enchantments. (MR+)
You are weak. (Str -2)


Message History

The acid blob spits acid at you.
The splash of acid hits you but does no damage.
You are splashed with acid!
You resist.
* * * LOW HITPOINT WARNING * * *
You are too injured to fight recklessly!
The acid blob hits you!
* * * LOW HITPOINT WARNING * * *
You are splashed with acid.
You resist.
* * * LOW HITPOINT WARNING * * *
The acid blob hits you!
* * * LOW HITPOINT WARNING * * *
The acid corrodes you!
You are splashed with acid.
You resist.
* * * LOW HITPOINT WARNING * * *
The azure jelly closely misses you.
You riposte.
You closely miss the azure jelly. The azure jelly closely misses you. x2
The azure jelly misses you. You block the acid blob's attack.
The acid blob spits acid at you.
The splash of acid hits you but does no damage.
You are splashed with acid.
You resist.
You die...

#.##..#.##
###.........
#...........
###...........
#.............
#.JJJJ........
#.JJJJ........
###..@JJ........
###...JJJJ........
.......J..........
..................
..................
..................
...............#..
...............###
..............##


You could see the Royal Jelly, 8 acid blobs, 4 azure jellies and 2 death oozes.

Vanquished Creatures
  Khufu (Crypt:3)
  Mara (Shoals:3)
  An ancient lich (Vaults:5)
  2 greater mummies (Crypt:3)
  Bai Suzhen (Vaults:2)
  Frederick (Vaults:2)
  A golden dragon (Vaults:5)
  2 bone dragons
  2 profane servitors (Crypt:3)
  2 liches
  2 tentacled monstrosities
  8 acid blobs
  2 titans (Vaults:5)
  4 deep elf master archers (Elf:3)
  A quicksilver dragon (Vaults:5)
  2 deep elf blademasters (Elf:3)
  2 sphinxes
  3 ancient champions
  A shadow dragon (Vaults:5)
  3 krakens
  Ilsuiw (Shoals:1)
  5 tengu reavers
  2 revenants
  9 azure jellies
  An iron dragon (Vaults:5)
  6 ghost moths (Spider:4)
  6 fire giants
  2 frost giants
  3 orc warlords
  11 deep elf sorcerers
  6 emperor scorpions
  15 ghouls
  13 vault wardens
  2 deep elf elementalists (Elf:3)
  4 curse skulls
  15 ironheart preservers
  6 very ugly things
  5 stone giants
  3 war gargoyles (Vaults:5)
  A reaper (Crypt:2)
  3 entropy weavers
  4 vampire knights
  Nessos (D:12)
  10 deep elf demonologists
  4 deep elf annihilators
  A dire elephant (Lair:6)
  2 spark wasps
  7 deep elf death magi
  2 quicksilver dragon zombies
  7 ettins
  5 merfolk javelineers
  A small abomination (Vaults:5)
  4 death oozes
  A fire dragon (Vaults:1)
  6 merfolk impalers
  11 eidola (Crypt:3)
  2 crystal guardians (Vaults:3)
  12 jiangshi
  15 yaktaur captains
  Josephine (D:13)
  A mummy priest (Crypt:3)
  5 great orbs of eyes
  4 deep elf high priests
  48 slime creatures
  25 vault guards
  3 rakshasas
  13 hydras
  4 ice dragons
  3 catoblepae
  9 centaur warriors
  3 merfolk avatars
  3 merfolk aquamancers
  2 satyrs
  A queen ant (D:10)
  23 dancing weapons
  10 ogre magi
  6 death knights
  2 alligator snapping turtles
  A titan zombie (Crypt:3)
  3 deep troll shamans
  3 deep troll earth magi
  30 two-headed ogres
  3 death yaks (Lair:6)
  The ghost of melvinkitnick the Geomancer, a novice OpEE of Vehumet (D:8)
  Sonja (Lair:3)
  2 vampire magi (Crypt:2)
  An orc high priest (Orc:2)
  15 deep elf knights
  Nergalle (D:12)
  32 skeletal warriors
  A fire crab (shapeshifter) (D:14)
  6 hell knights (Vaults:5)
  2 golden dragon zombies (Crypt:3)
  3 shadow wraiths
  A death drake (Vaults:1)
  A deep troll (shapeshifter) (Vaults:5)
  3 large abominations
  16 deep trolls
  7 flayed ghosts
  A ghost moth zombie (Crypt:1)
  A storm dragon skeleton (Crypt:1)
  An orange crystal statue (D:13)
  2 anaconda zombies (Crypt:3)
  6 glowing orange brains
  A lindwurm (shapeshifter) (Vaults:1)
  6 unseen horrors
  13 deep elf archers
  A shadow dragon zombie (Crypt:3)
  4 wolf spider zombies
  7 necromancers
  23 phantasmal warriors
  A sea snake (Shoals:2)
  58 deep elf magi
  4 wizards
  20 orb spiders
  15 ironbrand convokers
  14 orc knights
  26 harpies
  A sphinx zombie (Vaults:3)
  4 orc sorcerers
  51 wolf spiders
  4 shining eyes
  10 cyclopes
  3 iron dragon zombies (Crypt:3)
  7 ugly things
  10 manticores
  10 fauns
  A moth of wrath (Spider:3)
  5 oklob plants
  2 fauns (shapeshifter)
  A salamander (shapeshifter) (Vaults:2)
  A cyclops (shapeshifter) (Vaults:5)
  2 fire giant zombies (Crypt:1)
  A shining eye (shapeshifter) (Vaults:5)
  4 black mambas
  A mana viper (Vaults:1)
  12 elephants
  13 merfolk sirens
  4 centaur zombies
  3 fire giant skeletons
  A dire elephant zombie (Crypt:3)
  A guardian serpent (shapeshifter) (D:14)
  4 water nymphs
  Psyche (D:8)
  17 vault sentinels
  A gargoyle (D:12)
  3 torpor snails
  12 cane toads
  A shock serpent skeleton (Crypt:1)
  4 naga magi (D:15)
  14 freezing wraiths
  15 demonic crawlers
  3 rime drakes
  A white draconian zombie (Crypt:2)
  3 komodo dragons
  2 kobold demonologists (D:15)
  A guardian mummy (Crypt:3)
  A rime drake (shapeshifter) (Vaults:5)
  2 queen bees
  32 yaktaurs
  21 merfolk
  A troll (shapeshifter) (Elf:2)
  A sea snake skeleton (Crypt:2)
  A hydra zombie (Crypt:3)
  2 queen bees (shapeshifter)
  A polar bear (Lair:5)
  A meliai (shapeshifter) (Vaults:4)
  13 meliai
  38 jumping spiders
  10 hornets
  A polar bear (shapeshifter) (Vaults:4)
  9 trolls
  A wind drake (shapeshifter) (Vaults:4)
  An ettin zombie (Crypt:2)
  Grinder (D:3)
  2 wind drakes
  A blink frog (shapeshifter) (D:15)
  7 blink frogs
  2 bog bodies (Crypt:2)
  An ice dragon zombie (Crypt:3)
  2 dream sheep (Lair:6)
  A hippogriff (shapeshifter) (Vaults:5)
  15 hippogriffs
  Sigmund (D:5)
  8 snapping turtles
  A stone giant simulacrum (Vaults:3)
  2 air elementals (Elf:1)
  27 tarantellas
  5 water elementals
  4 flying skulls (Crypt:2)
  A tarantella (shapeshifter) (Vaults:3)
  66 redbacks
  An ushabti (Crypt:3)
  4 wyverns
  4 shadows
  Eustachio (D:5)
  52 yaks
  4 vampire mosquitoes (D:14)
  16 wraiths
  A fire elemental (Elf:1)
  6 basilisks
  3 steam dragons
  A wind drake skeleton (Crypt:2)
  2 wargs
  An acid dragon (shapeshifter) (Vaults:3)
  2 cane toad zombies
  5 soldier ants (D:10)
  A torturous demonspawn zombie (Crypt:2)
  5 acid dragons
  9 water moccasins
  12 porcupines
  40 orc warriors
  An ice beast (shapeshifter) (Vaults:5)
  2 black bears
  3 snapping turtle zombies
  5 phantoms
  3 ice beasts
  7 sky beasts
  A cane toad skeleton (Crypt:1)
  A dream sheep zombie (Crypt:1)
  19 necrophages
  37 ogres
  21 wolves
  A manticore skeleton (Crypt:1)
  5 boggarts (Vaults:2)
  5 eyes of draining
  31 centaurs
  A dream sheep skeleton (Crypt:1)
  12 crocodiles
  2 yaktaur zombies
  A big kobold (shapeshifter) (Vaults:5)
  3 elf zombies
  4 big kobolds
  18 bullfrogs
  A bullfrog (shapeshifter) (Vaults:5)
  4 earth elementals
  A water moccasin zombie (D:6)
  A wyvern zombie (D:14)
  A yaktaur skeleton (Vaults:1)
  3 gnoll sergeants (D:5)
  3 wyvern skeletons (Crypt:3)
  A queen bee zombie (Crypt:2)
  A water moccasin skeleton (Crypt:2)
  A human simulacrum (Vaults:1)
  4 scorpions
  A spriggan zombie (Crypt:1)
  24 wights
  45 killer bees
  4 howler monkeys
  2 bullfrog zombies
  Crazy Yiuf (D:3)
  A jelly (D:6)
  A demonspawn zombie (Crypt:2)
  19 orc priests
  6 centaur skeletons
  8 hounds
  29 orc wizards
  2 bullfrog skeletons
  6 human zombies
  8 iguanas
  19 worker ants
  A sky beast zombie (Crypt:1)
  2 hound skeletons
  4 mummies
  2 howler monkey zombies
  A worker ant zombie (D:8)
  19 gnolls
  7 adders
  A white imp (D:10)
  2 ufetubi
  An adder zombie (D:7)
  2 adder skeletons
  6 worms
  3 dart slugs
  6 leopard geckos
  79 orcs
  9 bats
  4 giant cockroaches
  2 gnoll zombies (D:5)
  15 goblins
  10 hobgoblins
  21 jackals
  A kobold (shapeshifter) (Vaults:4)
  6 quokkas
  A ball python (D:1)
  6 frilled lizards
  A goblin skeleton (Crypt:2)
  A jackal zombie (Crypt:2)
  34 kobolds
  A quokka zombie (D:6)
  4 rats
  3 crawling corpses
  9 tentacles
2090 creatures vanquished.

Vanquished Creatures (collateral kills)
  A titan (Vaults:5)
  An azure jelly (Slime:5)
  A vault warden (Vaults:5)
  A very ugly thing (Vaults:5)
  A deep elf high priest (Vaults:5)
  4 vault guards (Vaults:5)
  2 meliai (D:14)
  4 killer bees (D:14)
15 creatures vanquished.

Vanquished Creatures (others)
  A fire giant (Vaults:5)
  A ghost moth (Spider:1)
  A vault guard (Vaults:5)
  A merfolk aquamancer (Shoals:4)
  A deep elf knight (Elf:2)
  An ironbrand convoker (Vaults:3)
  A jumping spider (Spider:2)
  A redback (Spider:4)
  A tarantella (Spider:1)
  An orc warrior (Orc:2)
  A centaur (Vaults:3)
  A bush (Lair:6)
  26 fungi
  51 plants
  17 tentacles
  15 withered plants (Crypt:3)
121 creatures vanquished.

Grand Total: 2226 creatures vanquished

Notes
Turn   | Place    | Note
-------+----------+-------------------------------------------
     0 | D:1      | Borgoz the Gargoyle Berserker began the quest for the Orb.
     0 | D:1      | Reached XP level 1. HP: 14/14 MP: 1/1
   213 | D:1      | Reached XP level 2. HP: 10/19 MP: 2/2
  1041 | D:1      | Reached XP level 3. HP: 23/23 MP: 3/3
  1653 | D:2      | Found a snail-covered altar of Cheibriados.
  1706 | D:2      | Reached XP level 4. HP: 21/29 MP: 4/4
  1902 | D:2      | Reached ** piety under Trog
  2003 | D:2      | Found a sparkling altar of Nemelex Xobeh.
  2391 | D:3      | You fall into a shaft and drop 2 floors!
  2391 | D:5      | Entered Level 5 of the Dungeon
  2405 | D:5      | Reached XP level 5. HP: 33/33 MP: 5/5
  2437 | D:5      | Found Mieq's Weapon Boutique.
  2555 | D:5      | Reached XP level 6. HP: 39/39 MP: 6/6
  2618 | D:5      | Found a shadowy altar of Dithmenos.
  2665 | D:4      | Found Fonugg's Magic Scroll Emporium.
  2865 | D:4      | Bought a scroll of identify for 20 gold pieces
  2884 | D:4      | Found Otsuci's Magic Scroll Shop.
  2983 | D:4      | Bought a scroll of magic mapping for 42 gold pieces
  3093 | D:3      | Noticed Grinder
  3127 | D:3      | Killed Grinder
  3127 | D:3      | Reached skill level 5 in Fighting
  3127 | D:3      | Reached XP level 7. HP: 29/44 MP: 7/7
  3513 | D:3      | Found a sacrificial altar of Ru.
  3925 | D:3      | Found a runed translucent door.
  3926 | D:3      | Noticed Crazy Yiuf
  3937 | D:3      | Killed Crazy Yiuf
  4042 | D:4      | Reached skill level 5 in Maces & Flails
  4219 | D:4      | Got a translucent dagger
  4234 | D:4      | Reached skill level 5 in Armour
  4342 | D:4      | Found Yvvex's Jewellery Boutique.
  4514 | D:4      | Reached XP level 8. HP: 48/51 MP: 8/8
  4745 | D:4      | Found Kuvut's Antique Weapon Boutique.
  4841 | D:5      | Reached *** piety under Trog
  5124 | D:5      | Found a staircase to the Ecumenical Temple.
  5125 | D:5      | Noticed Eustachio
  5140 | D:5      | Killed Eustachio
  5496 | D:5      | Noticed Sigmund
  5501 | D:5      | Killed Sigmund
  5501 | D:5      | Reached XP level 9. HP: 33/56 MP: 9/9
  5734 | D:5      | Found a basalt altar of Yredelemnul.
  5761 | D:5      | Found a shimmering blue altar of Sif Muna.
  5761 | D:5      | Found an opulent altar of Gozag.
  5781 | D:5      | Reached skill level 5 in Dodging
  5977 | D:5      | Identified the +4 dagger of Fear {protect, *Slow +Fly rPois
                  | Int+4} (You found it on level 4 of the Dungeon)
  6086 | D:5      | Reached **** piety under Trog
  7012 | D:6      | Found Vesid's Book Shop.
  7142 | D:6      | Found Zusump's Antique Armour Boutique.
  7145 | D:6      | Reached XP level 10. HP: 64/64 MP: 10/10
  8103 | D:7      | Found a white marble altar of Elyvilon.
  8143 | D:7      | Found a radiant altar of Vehumet.
  8525 | D:8      | Noticed a two-headed ogre
  8536 | D:8      | Killed a two-headed ogre
  8618 | D:8      | Found a runed translucent door.
  8622 | D:8      | Noticed melvinkitnick's ghost (novice OpEE)
  8692 | D:8      | Noticed Psyche
  8696 | D:8      | Paralysed by Psyche for 4 turns
  8708 | D:8      | Killed melvinkitnick's ghost
  8712 | D:8      | Killed Psyche
  8833 | D:8      | Reached ***** piety under Trog
  8962 | D:8      | Found an ancient bone altar of Kikubaaqudgha.
  9001 | D:8      | Reached XP level 11. HP: 63/71 MP: 11/11
  9880 | D:9      | Reached skill level 10 in Fighting
  9888 | D:9      | Found a staircase to the Orcish Mines.
 10198 | D:9      | Received a gift from Trog
 10199 | D:9      | Got a dazzling battleaxe {god gift}
 10200 | D:9      | Identified the +9 battleaxe of Urgency {vorpal, Stlth+}
                  | (Trog gifted it to you on level 9 of the Dungeon)
 10336 | D:9      | Noticed a two-headed ogre
 10346 | D:9      | Killed a two-headed ogre
 10346 | D:9      | Reached skill level 10 in Armour
 10950 | D:9      | Found a stormy altar of Qazlal.
 11499 | D:10     | Entered Level 10 of the Dungeon
 11604 | D:10     | Noticed a cyan ugly thing
 11621 | D:10     | Killed a cyan ugly thing
 11771 | D:10     | Found a flagged portal.
 11792 | D:10     | Killed an unseen horror
 11798 | Bailey   | Entered a bailey
 11816 | Bailey   | Noticed an orc warlord
 12030 | Bailey   | Found a runed translucent gate.
 12043 | Bailey   | Found a runed translucent gate.
 12044 | Bailey   | Found a runed translucent gate.
 12258 | Bailey   | Killed an orc warlord
 12258 | Bailey   | Reached skill level 10 in Maces & Flails
 12258 | Bailey   | Reached XP level 12. HP: 79/79 MP: 12/12
 12510 | D:10     | You fall into a shaft and drop 1 floor!
 12521 | D:11     | Received a gift from Trog
 13669 | D:10     | Noticed a queen ant
 13682 | D:10     | Killed a queen ant
 14017 | D:10     | Found a staircase to the Lair.
 14495 | D:11     | Noticed a centaur warrior
 14507 | D:11     | Killed a centaur warrior
 14783 | D:11     | Noticed a two-headed ogre
 14790 | D:11     | Killed a two-headed ogre
 15066 | D:12     | Reached skill level 5 in Stealth
 15066 | D:12     | Reached XP level 13. HP: 86/86 MP: 4/13
 15162 | D:12     | Noticed Nergalle
 15170 | D:12     | Killed Nergalle
 15241 | D:12     | Received a gift from Trog
 15359 | D:12     | Noticed Nessos
 15371 | D:12     | Killed Nessos
 15911 | D:13     | Gained mutation: Your large and strong wings let you fly
                  | indefinitely. [Gargoyle growth]
 15911 | D:13     | Reached XP level 14. HP: 63/92 MP: 4/14
 17048 | D:13     | Noticed Josephine
 17063 | D:13     | Killed Josephine
 17069 | D:13     | Reached skill level 10 in Dodging
 18306 | D:14     | Found a gate to the Vaults.
 19555 | D:14     | Reached ****** piety under Trog
 19555 | D:14     | Received a gift from Trog
 19869 | D:5      | Bought the +6 demon whip "Jeduerch" {elec, rPois Str-2
                  | Dex+4 SInv} for 1045 gold pieces
 20077 | D:15     | Entered Level 15 of the Dungeon
 20497 | D:15     | Got a dazzling ring mail
 20508 | D:15     | Identified the +4 ring mail of Vameshuc {Str+2} (You found
                  | it on level 15 of the Dungeon)
 20913 | D:15     | Reached XP level 15. HP: 99/99 MP: 15/15
 21494 | D:15     | Found a staircase to the Depths.
 21812 | Lair:1   | Entered Level 1 of the Lair of Beasts
 22567 | Lair:1   | Identified 3 scrolls of acquirement
 22945 | Lair:1   | Acquired the +12 eveningstar of Animal Spirits {flame,
                  | *Slow rPois MR++}
 23305 | Lair:2   | Got a brightly glowing broad axe
 23306 | Lair:2   | Identified the +9 broad axe "Otycsuas" {antimagic, rElec}
                  | (You found it on level 2 of the Lair of Beasts)
 23918 | Lair:3   | Found a staircase to the Shoals.
 24011 | Lair:3   | Received a gift from Trog
 24016 | Lair:3   | Noticed Sonja
 24027 | Lair:3   | Killed Sonja
 24324 | Lair:3   | Found a hole to the Spider Nest.
 26093 | Lair:5   | Reached XP level 16. HP: 107/107 MP: 16/16
 26362 | Lair:5   | Found a staircase to the Slime Pits.
 26456 | Lair:6   | Entered Level 6 of the Lair of Beasts
 26832 | Lair:6   | Reached skill level 1 in Evocations
 27039 | Lair:6   | Reached skill level 15 in Fighting
 27053 | Lair:6   | Reached skill level 15 in Armour
 27136 | Lair:6   | Received a gift from Trog
 27602 | Lair:6   | Found a shimmering blue altar of Sif Muna.
 28252 | D:4      | Bought the cursed necklace of Bloodlust {*Rage +Rage MR++
                  | Int-3 Slay+6 *Curse} for 442 gold pieces
 28252 | D:4      | Found the cursed necklace of Bloodlust {*Rage +Rage MR++
                  | Int-3 Slay+6 *Curse}
 28348 | Orc:1    | Entered Level 1 of the Orcish Mines
 28689 | Orc:2    | Entered Level 2 of the Orcish Mines
 29130 | Orc:2    | Received a gift from Trog
 29268 | Orc:2    | Found a roughly hewn altar of Beogh.
 29278 | Orc:2    | Found Zutam's Antique Armour Shop.
 29291 | Orc:2    | Found Ynkerib's Antique Weapon Shop.
 30016 | Orc:2    | Found a staircase to the Elven Halls.
 30018 | Orc:2    | Found Meufuwne's Magic Scroll Emporium.
 30026 | Orc:2    | Bought a scroll of identify for 22 gold pieces
 30113 | Orc:2    | Found Pudoz's Book Shop.
 30128 | Orc:2    | Found Loygunus's General Store.
 30583 | D:4      | Bought an uncursed amulet of regeneration for 330 gold
                  | pieces
 30597 | D:4      | Acquired the +0 pair of fencer's gloves {Riposte Dex+3}
 30598 | D:4      | Found the +0 pair of fencer's gloves {Riposte Dex+3}
 30599 | D:4      | Acquired the +0 cloak of Snakes and Ladders {rC+ MR+}
 30927 | Shoals:1 | Entered Level 1 of the Shoals
 31667 | Shoals:2 | Noticed Ilsuiw
 31803 | Shoals:1 | Killed Ilsuiw
 31807 | Shoals:1 | Reached XP level 17. HP: 105/114 MP: 17/17
 31989 | Shoals:2 | Found Agymio Vafe's Jewellery Shop.
 32239 | Shoals:2 | Noticed a kraken
 32252 | Shoals:2 | Killed a kraken
 32365 | Shoals:2 | Received a gift from Trog
 32687 | Shoals:3 | Found a flickering gateway to a bazaar.
 32696 | Bazaar   | Entered a bazaar
 32696 | Bazaar   | Found Sedwof's Jewellery Shoppe.
 32696 | Bazaar   | Found Egeititi's Distillery.
 32718 | Bazaar   | Bought a potion of heal wounds for 45 gold pieces
 32718 | Bazaar   | Bought a potion of haste for 90 gold pieces
 32718 | Bazaar   | Bought a potion of heal wounds for 45 gold pieces
 32718 | Bazaar   | Bought a potion of heal wounds for 45 gold pieces
 32997 | Shoals:3 | Got a slimy war axe
 32998 | Shoals:3 | Identified the cursed +0 war axe of Yredelemnul's Reproof
                  | {protect, *Noise rC+++ Dex+8 Stlth+} (You found it on level
                  | 3 of the Shoals)
 33465 | Shoals:4 | Entered Level 4 of the Shoals
 33498 | Shoals:4 | Reached skill level 15 in Maces & Flails
 34125 | Shoals:4 | Noticed Mara
 34127 | Shoals:4 | Noticed a kraken
 34137 | Shoals:4 | Received a gift from Trog
 34140 | Shoals:4 | Noticed Borgoz's illusion
 34280 | Shoals:3 | Noticed Borgoz's illusion
 34286 | Shoals:3 | Killed Mara
 34514 | Shoals:4 | Killed a kraken
 34538 | Shoals:4 | Got a barnacled rune of Zot
 34757 | Shoals:4 | Reached XP level 18. HP: 106/122 MP: 18/18
 34910 | Shoals:4 | Identified the +4 quarterstaff of Sizxiwk {vorpal, Fragile
                  | Int+4}
 35254 | Spider:1 | Entered Level 1 of the Spider Nest
 35435 | Spider:1 | Reached skill level 5 in Evocations
 36168 | Spider:2 | Received a gift from Trog
 36169 | Spider:2 | Got a translucent triple sword {god gift}
 36173 | Spider:2 | Identified the +2 triple sword of the Dead {vorpal, Str+6
                  | Stlth-} (Trog gifted it to you on level 2 of the Spider
                  | Nest)
 37727 | Spider:4 | Entered Level 4 of the Spider Nest
 38184 | Spider:4 | Received a gift from Trog
 38190 | Spider:4 | Reached XP level 19. HP: 128/128 MP: 0/19
 38834 | Spider:4 | Received a gift from Trog
 38840 | Spider:4 | Got a twisted executioner's axe {god gift}
 38841 | Spider:4 | Identified the +3 executioner's axe of the Dwarven Hall
                  | {flame, rElec rPois rC- Str+5} (Trog gifted it to you on
                  | level 4 of the Spider Nest)
 38941 | Spider:4 | Got a gossamer rune of Zot
 39498 | Elf:1    | Entered Level 1 of the Elven Halls
 39998 | Elf:1    | Identified the Catalogue of the Other Side
 40067 | Elf:1    | Found Taill's Weapon Shop.
 40547 | Elf:2    | Received a gift from Trog
 40638 | Elf:2    | Acquired a +2 hat of see invisible
 40803 | Elf:2    | Found a huge runed translucent gate.
 40803 | Elf:2    | Found a huge runed translucent gate.
 40803 | Elf:2    | Found a huge runed translucent gate.
 40806 | Elf:2    | Found a huge runed translucent gate.
 40807 | Elf:2    | Found a huge runed translucent gate.
 41446 | Elf:2    | Received a gift from Trog
 41446 | Elf:2    | Reached XP level 20. HP: 137/137 MP: 20/20
 41648 | Elf:2    | Identified the Catalogue of Earthen Changing
 41649 | Elf:2    | Gained mutation: You are frail. (-10% HP) [mutagenic glow]
 41668 | Elf:2    | Gained mutation: You tend to lose your temper in combat.
                  | [mutagenic glow]
 41679 | Elf:2    | Gained mutation: You are dopey. (Int -2) [mutagenic glow]
 41689 | Elf:2    | Gained mutation: You are very dopey. (Int -4) [mutagenic
                  | glow]
 41965 | Lair:1   | Lost mutation: You are very dopey. (Int -4) [potion of
                  | mutation]
 41965 | Lair:1   | Lost mutation: You tend to lose your temper in combat.
                  | [potion of mutation]
 41965 | Lair:1   | Lost mutation: You are frail. (-10% HP) [potion of
                  | mutation]
 41965 | Lair:1   | Gained mutation: You tend to lose your temper in combat.
                  | [potion of mutation]
 41965 | Lair:1   | Gained mutation: You are resistant to hostile enchantments.
                  | (MR+) [potion of mutation]
 41966 | Lair:1   | Lost mutation: You are resistant to hostile enchantments.
                  | (MR+) [potion of mutation]
 41966 | Lair:1   | Lost mutation: You are dopey. (Int -2) [potion of mutation]
 41966 | Lair:1   | Lost mutation: You tend to lose your temper in combat.
                  | [potion of mutation]
 41966 | Lair:1   | Gained mutation: You are partially covered in slimy green
                  | scales. (AC +2) [potion of mutation]
 41966 | Lair:1   | Gained mutation: You are resistant to hostile enchantments.
                  | (MR+) [potion of mutation]
 42091 | Vaults:1 | Entered Level 1 of the Vaults
 42261 | Vaults:1 | Reached skill level 1 in Shields
 42504 | Vaults:1 | You are sucked into a shaft and drop 1 floor!
 42885 | Vaults:1 | Received a gift from Trog
 42975 | Vaults:1 | Identified the Almanac of Poison
 43404 | Vaults:1 | Reached skill level 15 in Dodging
 44092 | Vaults:2 | Noticed Bai Suzhen
 44100 | Vaults:2 | Killed Bai Suzhen
 44130 | Vaults:2 | Received a gift from Trog
 44223 | Vaults:2 | Noticed Frederick
 44248 | Vaults:2 | Killed Frederick
 44248 | Vaults:2 | Reached XP level 21. HP: 97/144 MP: 21/21
 44465 | Vaults:2 | Noticed a bone dragon
 44479 | Vaults:2 | Killed a bone dragon
 44511 | Vaults:2 | Found a staircase to the Crypt.
 45326 | Vaults:3 | Received a gift from Trog
 45558 | Vaults:3 | You are sucked into a shaft and drop 1 floor!
 45582 | Vaults:4 | Found Yqeuntepn's Book Shop.
 45728 | Vaults:3 | Reached skill level 5 in Shields
 45911 | Vaults:3 | Identified the +7 halberd of the Feather {freeze, *Slow
                  | Int+3}
 46711 | Vaults:3 | Received a gift from Trog
 46732 | Vaults:3 | Reached XP level 22. HP: 146/152 MP: 22/22
 47192 | Vaults:4 | Received a gift from Trog
 48389 | Elf:3    | Entered Level 3 of the Elven Halls
 48425 | Elf:3    | Found Wecaps's Assorted Antiques.
 48430 | Elf:3    | Bought a scroll of identify for 68 gold pieces
 48430 | Elf:3    | Bought an agate ring for 170 gold pieces
 49020 | Elf:3    | Received a gift from Trog
 49027 | Elf:3    | Got an ichor-stained mace {god gift}
 49028 | Elf:3    | Identified the +8 mace "Uphuf" {vorpal, *Noise rPois Dex+5
                  | SInv} (Trog gifted it to you on level 3 of the Elven Halls)
 49663 | Elf:3    | Received a gift from Trog
 49679 | Elf:3    | Got a crude wooden ring
 49691 | Elf:3    | Got a transparent silver ring
 49713 | Elf:3    | Got a sparkling iron ring
 49746 | Elf:3    | Identified the ring "Iniha" {Dex+4 SInv Stlth+} (You found
                  | it on level 3 of the Elven Halls)
 49747 | Elf:3    | Identified the ring of Midwinter {*Corrode +Inv MP+9 Dex+5}
                  | (You found it on level 3 of the Elven Halls)
 49749 | Elf:3    | Identified the ring of Xiriakh {*Corrode rElec rN++ MR-
                  | Slay+4} (You found it on level 3 of the Elven Halls)
 49779 | Elf:3    | Got an iridescent mace
 49780 | Elf:3    | Identified the +9 mace "Nishuni" {freeze, Str+7 Int+2} (You
                  | found it on level 3 of the Elven Halls)
 49841 | Elf:3    | Got a pair of transparent boots
 49852 | Elf:3    | Identified the +1 pair of boots of Nanapim {*Slow rPois
                  | rF++ Regen+} (You found it on level 3 of the Elven Halls)
 50314 | Elf:3    | Bought a scroll of acquirement for 1768 gold pieces
 50360 | Elf:3    | Got a scorched short sword
 50361 | Elf:3    | Acquired 2210 gold pieces
 50451 | Elf:3    | Identified Sif Muna's Reference Book on the Oath
 50497 | Elf:3    | Identified the +4 short sword of Taxation {venom, rF+} (You
                  | found it on level 3 of the Elven Halls)
 50788 | Orc:2    | Bought 2 potions of ambrosia for 256 gold pieces
 50788 | Orc:2    | Bought a potion of might for 64 gold pieces
 50876 | Orc:2    | Bought a scroll of summoning for 104 gold pieces
 50876 | Orc:2    | Bought a scroll of teleportation for 33 gold pieces
 51061 | Temple   | Entered the Ecumenical Temple
 51162 | D:4      | Bought 2 scrolls of remove curse for 60 gold pieces
 51162 | D:4      | Bought a scroll of remove curse for 30 gold pieces
 51162 | D:4      | Bought a scroll of enchant weapon for 75 gold pieces
 51162 | D:4      | Bought a scroll of enchant weapon for 75 gold pieces
 51162 | D:4      | Bought a scroll of enchant weapon for 75 gold pieces
 51162 | D:4      | Bought a scroll of teleportation for 30 gold pieces
 51537 | D:4      | Bought a scroll of blinking for 90 gold pieces
 51537 | D:4      | Bought a scroll of remove curse for 36 gold pieces
 52212 | Vaults:5 | Entered Level 5 of the Vaults
 52216 | Vaults:5 | Reached XP level 23. HP: 158/158 MP: 23/23
 52283 | Vaults:5 | Noticed a golden dragon
 52342 | Vaults:5 | Killed a golden dragon
 53065 | Vaults:5 | Received a gift from Trog
 53128 | Vaults:5 | Found the +3 giant club "Skullcrusher" {speed, Str+7}
 53149 | Vaults:5 | Got an ancient leather armour
 53182 | Vaults:5 | Identified the +1 leather armour of Nall {Rampage Regen+}
                  | (You found it on level 5 of the Vaults)
 53202 | Vaults:5 | Got a dazzling halberd
 53349 | Vaults:5 | Noticed an ancient lich
 53365 | Vaults:5 | Killed an ancient lich
 53365 | Vaults:5 | Reached XP level 24. HP: 152/166 MP: 23/23
 53478 | Vaults:5 | Got a silver rune of Zot
 53563 | Vaults:5 | Identified the cursed +3 halberd "Jyhotz" {drain, rPois
                  | Dex+2} (You found it on level 5 of the Vaults)
 53568 | Vaults:5 | Identified Egeck's Second Course in Thaumaturgy
 53979 | Lair:1   | Acquired a manual of Stealth
 54204 | Crypt:1  | Entered Level 1 of the Crypt
 54311 | Crypt:1  | Received a gift from Trog
 55082 | Crypt:2  | Reached skill level 10 in Shields
 55214 | Crypt:2  | Found the +9 scales of the Dragon King {rPois rF+ rC+ MR+}
 55551 | Crypt:2  | Received a gift from Trog
 56540 | Crypt:3  | Entered Level 3 of the Crypt
 56703 | Crypt:3  | Noticed a greater mummy
 56705 | Crypt:3  | Noticed Khufu
 56708 | Crypt:3  | Noticed a greater mummy
 56720 | Crypt:3  | Killed a greater mummy
 56731 | Crypt:3  | Killed Khufu
 56742 | Crypt:3  | Killed a greater mummy
 56948 | Crypt:3  | Reached XP level 25. HP: 166/172 MP: 23/23
 57075 | Crypt:3  | Received a gift from Trog
 57150 | Crypt:3  | Found a staircase to the Tomb.
 57725 | Crypt:3  | Got a warped granite ring
 57732 | Crypt:3  | Identified the ring "Vupenaw" {+Blink Str+6 Dex+6 Slay-6}
                  | (You found it on level 3 of the Crypt)
 57928 | Crypt:3  | Found a basalt altar of Yredelemnul.
 58140 | Crypt:3  | Identified the +4 plate armour of Losmus {Regen+}
 58183 | Crypt:3  | Received a gift from Trog
 58952 | Slime:1  | Entered Level 1 of the Pits of Slime
 58989 | Slime:1  | Gained mutation: You are frail. (-10% HP) [a shining eye]
 58990 | Slime:1  | Gained mutation: Your magical capacity is low. (-10% MP) [a
                  | shining eye]
 58998 | Slime:1  | Gained mutation: Armour fits poorly on your strangely
                  | shaped body. [a shining eye]
 59000 | Slime:1  | Gained mutation: You are weak. (Str -2) [a shining eye]
 59497 | Slime:5  | Entered Level 5 of the Pits of Slime
 59654 | Slime:5  | Noticed the Royal Jelly
 59885 | Slime:5  | HP: 4/155 [acid blob[the Royal Jelly] (16)]
 59885 | Slime:5  | HP: 1/155 [acid[the Royal Jelly] (3)]
 59885 | Slime:5  | Splashed by an acid blob's acid

Illustrated notes

Levels and vault maps discovered:
D:1:      psy_arrival_radial02, layout_basic, serial_rivers,
          chequers_serial_rivers_small_a, chequers_serial_rivers_small_a,
          chequers_serial_rivers_micro_e, chequers_serial_rivers_marsh,
          chequers_serial_rivers_room_a, minmay_tripent
D:2:      minmay_evil_eye, layout_rooms, overflow_temple_1_default,
          kennysheep_slug_shrine
D:3:      layout_loops_cross, nicolae_ru_awakened_eye, uniq_grinder,
          uniq_crazy_yiuf_cottage
D:4:      layout_basic, serial_shops, kennysheep_mini_moat,
          nicolae_shop_statue_plus, nicolae_shop_overgrown_old_shop, shop
D:5:      layout_cave_pools, lemuel_zombie_altar_yredelemnul,
          nicolae_overflow_crystal_walls, gammafunk_temple_overflow_wave,
          temple_green, serial_gnoll_camp, gnoll_camp_mini_doghouse,
          gnoll_camp_mini_shop, gnoll_camp_mini_hut, gnoll_camp_mini_house,
          gnoll_camp_mini_basic, gnoll_camp_mini_loothouse, minmay_diced_spiral,
          uniq_eustachio, uniq_sigmund
D:6:      cheibrodos_steamvent, layout_basic, serial_shops, shop, shop_statue
D:7:      kennysheep_spiral_hall, layout_loops_corners, elyvilon_altar_5,
          overflow_temple_1_default, serial_park_tiny_pond
D:8:      layout_loops_corners, lemuel_mausoleum_altar_kikubaaqudgha,
          hellmonk_ghost_happy_afterlife, uniq_psyche
D:9:      layout_long_grid, grunt_qazlal_sundering, erik_orc_3
D:10:     layout_cross, grunt_lair_entry_orc_guard_hut, enter_bailey_3,
          minmay_another_anthill
D:11:     layout_cave_pods
D:12:     layout_roguey, uniq_nergalle, uniq_nessos
D:13:     layout_basic, minivault_16, chequers_serial_rivers_micro_d,
          uniq_josephine
D:14:     layout_basic, david_vaults_2, minmay_fountain_box, special_room
          [special_room_bee]
D:15:     grunt_enter_depths_magical_seal, layout_irregular_city,
          kennysheep_flooded_box
Temple:   nicolae_temple_god_jail
Lair:1:   layout_gridlike, infiniplex_staircase_pool, grunt_megastairs_3,
          minmay_lair_oklob_chamber
Lair:2:   regret_index_tunnel_blossom, layout_regular_city, lemuel_fruit_tree
Lair:3:   layout_loops_ring, shoals_dummy_entry, dummy_spider_entry,
          grunt_megastairs_2, infiniplex_staircase_pool_2, uniq_sonja
Lair:4:   layout_cellular_growth
Lair:5:   layout_gridlike, dpeg_slime_entry_corner, forest_entry_grove
Lair:6:   hangedman_lair_in_review, layout_gridlike, lemuel_centaur_altar,
          lemuel_fruit_fields
Shoals:1: layout_shoals
Shoals:2: layout_shoals, serial_shops, shop_statue, uniq_ilsuiw
Shoals:3: layout_shoals, serial_shops, bzr_entry_dummy
Shoals:4: shoals_end_hangedman, layout_shoals, uniq_mara
Spider:1: nicolae_spider_mines_3
Spider:2: layout_chambers
Spider:3: layout_spider_delve
Spider:4: grunt_spider_rune_island
Slime:1:  layout_caves
Slime:2:  cheibrodos_slime_lost_civilization_2, layout_caves
Slime:3:  layout_caves
Slime:4:  layout_caves, cheibrodos_slime_lost_civilization_5
Slime:5
Orc:1:    layout_caves
Orc:2:    grunt_orc_cross, layout_caves, serial_shops, shop,
          nicolae_orc_pool_cavern
Elf:1:    layout_gridlike, kennysheep_underground_church, minmay_elf_demonology,
          minmay_shop_star
Elf:2:    layout_gridlike, kilobyte_mutagenic_chamber, uniq_asterion
Elf:3:    minmay_elf_hall, layout_onion_city, serial_shops, shop,
          nicolae_elf_v_pinch
Vaults:1: v_rooms_4, grunt_vaults_funnel, nicolae_vaults_ninety_degrees,
          hangedman_vaults_locks, v_rooms_5, hangedman_vaults_hard_town_square,
          v_misc_2, v_misc_24, nicolae_vaults_diagonal_hallway_8,
          vaults_mumra_chevron, hangedman_vaults_stretched_pinwheel,
          layout_vaults_omnicross, serial_hangedman_research,
          hangedman_research_toxicology
Vaults:2: hangedman_vaults_snaps, grunt_vaults_swirl,
          minmay_crypt_entry_nasty_monster, vaults_dpeg_hooks, v_alt_pattern_4,
          v_alt_pattern_5, v_pattern_5, ontoclasm_vaults_gateway, v_misc_19,
          vaults_room_pool, ontoclasm_vaults_eye, vaults_room_semicircle,
          layout_vaults_omnigrid, uniq_bai_suzhen, uniq_frederick
Vaults:3: nicolae_vaults_stairing_the_circle, nicolae_vaults_hallways_thing,
          nicolae_vaults_border_crossing, hangedman_vaults_corner,
          dpeg_vaults_monster_box, v_alt_pattern_1, nicolae_vaults_big_ls,
          hangedman_vaults_restitches, vaults_dpeg_encased_lava, st_cells,
          v_misc_17, ontoclasm_vaults_ring_square, layout_vaults_omnibox
Vaults:4: ontoclasm_vaults_hangar, hangedman_vaults_trim,
          vaults_room_large_hall, v_misc_10, hangedman_vaults_slither,
          hangedman_vaults_capsules, nicolae_vaults_network_star, v_misc_10,
          ontoclasm_vaults_ring_square, vaults_room_stairs_pillars,
          vaults_room_door_ring, layout_vaults_ring, serial_shops,
          shop_fountains
Vaults:5: serial_shops
Crypt:1:  layout_misc_corridors
Crypt:2:  layout_gridlike, serial_co_window_serial, co_window_paths_a,
          co_window_of_opportunity_a, co_window_paths_b, co_window_corner_a,
          co_window_paths_b, co_window_corner_cb, co_window_corner_cb,
          co_window_corner_cb, co_window_4corner_a, co_window_4corner_b
Crypt:3:  evilmike_haunted_forest, uniq_khufu

Skill      XL: |  1  2  3  4  5  6  7  8  9 10 11 12 13 14 15 16 17 18 19 20 21 22 23 24 25 |
---------------+----------------------------------------------------------------------------+-----
Dodging        | 2 3 4 5 7 8 9 10 11 12 13 14 15 16 17 18 | 18.2
Armour         | 3 4 5 6 7 9 10 12 13 14 15 16 17 18 19 20 21 22 | 22.4
Fighting       | 4 5 6 8 9 10 12 13 14 15 16 17 18 19 20 21 22 | 22.1
Maces & Flails | 4 5 6 7 8 10 11 12 13 14 15 16 17 18 19 20 21 | 21.1
Stealth        | 5 7 9 |  9.7
Evocations     | 3 4 5 6 |  6.5
Shields        | 4 6 7 9 10 | 10.0

Action                   |  1- 3 |  4- 6 |  7- 9 | 10-12 | 13-15 | 16-18 | 19-21 | 22-24 | 25-27 || total
-------------------------+-------+-------+-------+-------+-------+-------+-------+-------+-------++-------
Melee: Mace              |   103 |   170 |    47 |       |       |       |       |       |       ||   320
       Flail             |       |       |   165 |       |       |       |       |       |       ||   165
       Dire flail        |       |       |   256 |   659 |       |       |       |       |       ||   915
       Eveningstar       |       |       |       |   212 |   845 |  1162 |  1222 |  1385 |   508 ||  5334
       Demon whip        |       |       |       |       |   294 |       |       |    28 |    56 ||   378
Throw: Throwing net      |       |       |       |     3 |     2 |       |       |     2 |       ||     7
Invok: Berserk           |     2 |     4 |     2 |     4 |    12 |     6 |     4 |     3 |     1 ||    38
       Trog's Hand       |       |     2 |     3 |     3 |     5 |     2 |     1 |    10 |     1 ||    27
       Brothers in Arms  |       |       |       |       |     1 |       |       |       |       ||     1
 Abil: Fly               |       |       |       |       |     1 |       |       |       |       ||     1
Evoke: Wand              |       |       |       |     9 |       |     2 |       |     3 |     2 ||    16
  Use: Scroll            |       |     4 |     4 |    10 |    12 |    13 |     5 |    14 |     6 ||    68
       Potion            |       |       |       |     4 |     2 |     3 |     2 |     2 |     1 ||    14
 Stab: Sleeping          |       |       |       |     1 |    13 |     8 |    22 |     9 |       ||    53
       Invisible         |       |       |       |     1 |       |       |       |       |       ||     1
       Held in net/web   |       |       |       |     1 |     1 |       |       |     2 |       ||     4
       Petrified         |       |       |       |       |     3 |       |       |       |       ||     3
       Distracted        |       |       |       |       |       |     1 |     2 |     8 |     2 ||    13
Armor: Animal skin       |    38 |       |       |       |       |       |       |       |       ||    38
       Ring mail         |     8 |    89 |   233 |       |   443 |   692 |   474 |   207 |       ||  2146
       Steam dragon scal |       |       |    20 |   449 |    67 |       |       |       |       ||   536
       Scale mail        |       |       |       |       |       |       |       |    88 |       ||    88
       Gold dragon scale |       |       |       |       |       |       |       |    70 |   449 ||   519
Dodge: Dodged            |    85 |   111 |   370 |   777 |  1091 |  1564 |  1063 |   861 |   410 ||  6332
Block: Buckler           |       |       |       |       |       |       |   242 |   486 |   297 ||  1025
       Reflection        |       |       |       |       |       |       |       |     2 |     2 ||     4
       Rpst.: Eveningstar |       |       |       |       |       |   183 |   229 |   173 |    65 ||   650
       Demon whip        |       |       |       |       |       |       |       |       |     7 ||     7

Table legend: (Time is in decaauts)
 A = Elapsed time spent in this place.
 B = Non-inter-level travel time spent in this place.
 C = Inter-level travel time spent in this place.
 D = Time resting spent in this place.
 E = Time spent auto-exploring this place.
 F = Levels seen in this place.
 G = Mean time per level.
                   A        B        C        D        E       F      G
               +--------+--------+--------+--------+--------+-----+--------+
         Total |  58869 |  51274 |   7595 |   7515 |  30297 |  50 | 1177.4 |
       Dungeon |  23744 |  20112 |   3632 |   3647 |  12358 |  15 | 1582.9 |
        Temple |     54 |     40 |     14 |      0 |     39 |   1 |   54.0 |
          Lair |   7228 |   6418 |    810 |    425 |   4576 |   6 | 1204.7 |
        Shoals |   4183 |   3959 |    224 |    710 |   2328 |   4 | 1045.8 |
   Spider Nest |   3798 |   3615 |    183 |    663 |   1948 |   4 |  949.5 |
    Slime Pits |    894 |    894 |      0 |    476 |     22 |   5 |  178.8 |
  Orcish Mines |   2628 |   2037 |    591 |    642 |   1080 |   2 | 1314.0 |
   Elven Halls |   4290 |   3444 |    846 |    308 |   1974 |   3 | 1430.0 |
        Vaults |   7786 |   6876 |    910 |    334 |   3993 |   5 | 1557.2 |
         Crypt |   3653 |   3271 |    382 |    155 |   1856 |   3 | 1217.7 |
        Bazaar |     51 |     51 |      0 |     12 |     13 |   1 |   51.0 |
        Bailey |    555 |    555 |      0 |    142 |    109 |   1 |  555.0 |
               +--------+--------+--------+--------+--------+-----+--------+

Top non-repeatable levels by time:
     D:9: 2218 daAuts
    D:11: 2166 daAuts
    D:13: 2105 daAuts
     D:5: 1975 daAuts
Vaults:2: 1863 daAuts
   Orc:2: 1837 daAuts
  Lair:1: 1830 daAuts
    D:14: 1828 daAuts
 Crypt:3: 1816 daAuts
    D:10: 1712 daAuts
Vaults:3: 1683 daAuts
   Elf:2: 1621 daAuts
     D:4: 1615 daAuts
Vaults:1: 1598 daAuts
     D:6: 1598 daAuts
